 Dungeon Crawl Stone Soup version 0.23-a0-171-g5ae17c6 (webtiles) character file.

811 Ijustatesigmund the Sneak (level 7, 0/49 HPs)
             Began as an Octopode Gladiator on Sept 13, 2018.
             Slain by a centaur
             ... wielding a cursed -2 shortbow
              (10 damage)
             ... on level 5 of the Dungeon.
             The game lasted 00:07:20 (3234 turns).

Ijustatesigmund the Sneak (Octopode Gladiator)      Turns: 3234, Time: 00:07:20

Health: 0/49       AC: -7    Str: 13    XL:     7   Next: 93%
Magic:  7/7        EV: 15    Int: 10    God:
Gold:   325        SH:  0    Dex: 19    Spells: 6/6 levels left

rFire    . . .     SeeInvis .   a - +0 war axe
rCold    . . .     Gourm    .   (no shield)
rNeg     . . .     Faith    .   b - +0 hat
rPois    .         Spirit   .   g - amulet of the acrobat
rElec    .         Reflect  .   j - ring of protection from magic
rCorr    .         Harm     .   i - +3 ring of dexterity
MR       +....                  (no ring)
Stlth    +++++.....             (no ring)
HPRegen  0.16/turn              (no ring)
MPRegen  0.10/turn              (no ring)
                                (no ring)
                                (no ring)

@: corroded
A: almost no armour, stealthy swim, amphibious, 8 rings, constrict 8, camouflage
1, gelatinous body 1
a: no special abilities


You were on level 5 of the Dungeon.
You were not hungry.

You visited 1 branch of the dungeon, and saw 5 of its levels.

You collected 325 gold pieces.

Inventory:

Hand Weapons
 a - a +0 war axe (weapon)
Missiles
 c - 3 throwing nets (quivered)
Armour
 b - a +0 hat (worn)
Jewellery
 g - an amulet of the acrobat (around mantle)
 i - a +3 ring of dexterity (right tentacle)
 j - a ring of protection from magic (left tentacle)
 p - an uncursed ring of ice
Wands
 f - a wand of flame (30)
Scrolls
 m - 3 scrolls of blinking
Potions
 e - 2 potions of heal wounds
 h - 2 potions of agility
 l - a potion of invisibility {unknown}
 n - 3 potions of curing
 o - a potion of flight {unknown}
 q - a potion of haste {unknown}
 r - 2 potions of experience {unknown}
Comestibles
 d - 6 rations
 k - 4 chunks of flesh


   Skills:
 + Level 4.6 Fighting
 + Level 6.0 Axes
 - Level 2.0 Throwing
 - Level 3.0 Dodging
 + Level 7.3 Stealth


You had 6 spell levels left.
You didn't know any spells.
Your spell library was empty.

Dungeon Overview and Level Annotations

Branches:
Dungeon (5/15)
 Temple: D:4-7

Altars:
Kikubaaqudgha


Innate Abilities, Weirdness & Mutations

You cannot wear most types of armour.
You are very stealthy in the water. (Stealth+)
You are amphibious.
You can wear up to eight rings at the same time.
You can use your tentacles to constrict eight enemies at once.
Your skin changes colour to match your surroundings (Stealth+).
Your rubbery body absorbs attacks. (AC +1, EV +1)


Message History

You are too injured to fight recklessly!
You are too injured to fight recklessly!
You are too injured to fight recklessly!
You are too injured to fight recklessly!
You are too injured to fight recklessly!
You are too injured to fight recklessly!
You are too injured to fight recklessly!
You barely miss the centaur.
The centaur is lightly wounded.
The centaur hits you with an enchanted shortbow.
The centaur closely misses you.
You barely miss the centaur. Your squeeze misses the centaur.
The centaur is lightly wounded.
The centaur closely misses you.
You hit the centaur.
The centaur is lightly wounded.
The centaur hits you with an enchanted shortbow!
* * * LOW HITPOINT WARNING * * *
The centaur hits you with an enchanted shortbow!
You die...

#...#######......#...
#...#.......#####....
##......######
##..... #...#####
#...... ##..##
#...... ##(..##
#...... #.....#
####... ###...## ####
##(@.# #....c..#
#........#
#.........#
##.........#
#.....<)...
#..........
##.........


You could see a centaur.

Vanquished Creatures
  Eustachio (D:4)
  An ogre (D:4)
  2 centaurs (D:5)
  A bullfrog (D:3)
  A crimson imp (D:5)
  A hound (D:5)
  A bullfrog skeleton (D:4)
  A jelly (D:5)
  An orc wizard (D:5)
  An iguana (D:4)
  A worker ant (D:4)
  A hound skeleton (D:4)
  A howler monkey skeleton (D:5)
  4 adders
  An ooze (D:2)
  2 adder skeletons
  4 worms
  4 dart slugs
  A leopard gecko (D:2)
  11 orcs
  7 bats
  A bat skeleton (D:2)
  2 giant cockroaches
  4 goblins (D:1)
  5 hobgoblins
  2 jackals (D:3)
  A quokka (D:2)
  2 ball pythons (D:3)
  8 frilled lizards
  8 kobolds
  A leopard gecko zombie (D:2)
  A quokka zombie (D:4)
  9 rats
92 creatures vanquished.

Notes
Turn   | Place    | Note
-------+----------+-------------------------------------------
     0 | D:1      | Ijustatesigmund the Octopode Gladiator began the quest for
                  | the Orb.
     0 | D:1      | Reached XP level 1. HP: 14/14 MP: 1/1
    42 | D:1      | Reached skill level 1 in Stealth
    65 | D:1      | Reached XP level 2. HP: 17/19 MP: 2/2
   215 | D:1      | Reached skill level 2 in Stealth
   300 | D:1      | Reached XP level 3. HP: 23/24 MP: 3/3
   800 | D:2      | Reached skill level 3 in Stealth
   817 | D:2      | Reached XP level 4. HP: 29/29 MP: 4/4
  1442 | D:3      | Reached skill level 4 in Stealth
  1615 | D:3      | Noticed a bullfrog
  1620 | D:3      | Killed a bullfrog
  1620 | D:3      | Reached XP level 5. HP: 29/35 MP: 5/5
  2042 | D:4      | Noticed an ogre
  2050 | D:4      | Killed an ogre
  2050 | D:4      | Reached skill level 5 in Stealth
  2050 | D:4      | Reached XP level 6. HP: 42/42 MP: 6/6
  2074 | D:4      | Found an ancient bone altar of Kikubaaqudgha.
  2170 | D:4      | Reached skill level 5 in Axes
  2679 | D:4      | Noticed Eustachio
  2694 | D:4      | Killed Eustachio
  2694 | D:4      | Reached skill level 6 in Stealth
  2694 | D:4      | Reached XP level 7. HP: 20/47 MP: 7/7
  2978 | D:5      | Entered Level 5 of the Dungeon
  3106 | D:5      | Reached skill level 7 in Stealth
  3234 | D:5      | Slain by a centaur

Vault maps used:
D:1:      dpeg_arrival_lava_temple_mockup, minmay_misc_feat_doors,
          kennysheep_small_spiral
D:2:      serial_undead, serial_undead_c, serial_undead_d, serial_undead_d,
          serial_undead_e, serial_undead_c
D:3:      first_ration
D:4:      kennysheep_mini, uniq_eustachio
D:5:      gup_sewer_entry_bubbles, serial_shops, shop,
          eino_small_chamber_without_monster

Skill      XL: |  1  2  3  4  5  6  7 |
---------------+----------------------+-----
Stealth        | 1 2 3 4 5 6 7 |  7.3
Axes           | 4 5 6 |  6.0
Fighting       | 3 4 |  4.6
Throwing       | |  2.0
Dodging        | |  3.0

Action                   |  1- 3 |  4- 6 |  7- 9 || total
-------------------------+-------+-------+-------++-------
Melee: War axe           |    50 |    77 |    40 ||   167
       Constrict         |    14 |    24 |    10 ||    48
       Tentacles         |     4 |    19 |     8 ||    31
Throw: Throwing net      |       |     4 |       ||     4
  Use: Scroll            |     3 |     9 |     1 ||    13
       Potion            |       |     2 |     2 ||     4
 Stab: Sleeping          |    14 |     9 |     3 ||    26
  Eat: Chunk             |       |     5 |     2 ||     7
Armor: Skin              |     5 |     3 |     1 ||     9
Dodge: Dodged            |    34 |    74 |    45 ||   153

Table legend:
 A = Non-vault XP
 B = Vault XP
 C = Vault XP percentage of total XP
 D = Non-vault monster count
 E = Vault monster count
 F = Vault count percentage of total count
                 A         B        C        D         E       F
            +---------+---------+-------+---------+---------+-------
      Total |     954 |     205 |  17.7 |      88 |       4 |   4.3
            +---------+---------+-------+---------+---------+-------
        D:1 |      43 |       0 |   0.0 |      25 |       0 |   0.0
        D:2 |      69 |       8 |  10.4 |      18 |       3 |  14.3
        D:3 |     138 |       0 |   0.0 |      20 |       0 |   0.0
        D:4 |     269 |     197 |  42.3 |       8 |       1 |  11.1
        D:5 |     435 |       0 |   0.0 |      17 |       0 |   0.0
            +---------+---------+-------+---------+---------+-------
